[Event "DFMMLV 2019"]
[Site "Braunfels"]
[Date "2019.06.22"]
[Round "4.24"]
[White "Hoelzer, Jeanette"]
[Black "Gottschall, Ina"]
[Result "1/2-1/2"]
[ECO "B06"]
[WhiteElo "1662"]
[BlackElo "1637"]
[Annotator "NA"]
[PlyCount "37"]
[EventDate "2019.06.20"]
[EventType "team-tourn"]
[EventCountry "GER"]
[SourceTitle "playchess.com"]
[Source "ChessBase"]
[SourceQuality "1"]
[WhiteTeam "Hamburg"]
[BlackTeam "Sachsen"]
[TimeControl "40/5400+30:1800+30"]

1. e4 g6 2. d4 Bg7 3. Nc3 d6 4. Be3 Nf6 5. f3 c6 6. Qd2 b5 7. O-O-O b4 8. Nce2 a5 9. Bh6 O-O 10. h4 e5 11. Bxg7 Kxg7 12. dxe5 Ng8 13. Qxd6 Qxd6 14. exd6 c5 15. Nf4 Nd7 16. Nd3 c4 17. Nf2 Ba6 18. Ne2 Rfb8 19. Kb1 1/2-1/2

[Event "DFMMLV 2019"]
[Site "Braunfels"]
[Date "2019.06.22"]
[Round "4.25"]
[White "Mucha, Annegret"]
[Black "Malachowski, Margrit"]
[Result "1/2-1/2"]
[ECO "A00"]
[WhiteElo "2050"]
[BlackElo "2080"]
[Annotator "NA"]
[PlyCount "74"]
[EventDate "2019.06.20"]
[EventType "team-tourn"]
[EventCountry "GER"]
[SourceTitle "playchess.com"]
[Source "ChessBase"]
[SourceQuality "1"]
[WhiteTeam "Thueringen"]
[BlackTeam "Baden"]
[TimeControl "40/5400+30:1800+30"]

1. Nc3 d5 2. e4 c6 3. f4 e6 4. Nf3 dxe4 5. Nxe4 Nf6 6. Nf2 Bc5 7. d4 Bb6 8. c3 O-O 9. Bc4 c5 10. dxc5 Qxd1+ 11. Nxd1 Bxc5 12. Be3 Nbd7 13. O-O b6 14. Bxc5 Nxc5 15. Ne5 Bb7 16. Ne3 Rad8 17. Rad1 g6 18. g4 Nd5 19. Nxd5 exd5 20. Bb5 a6 21. Bc6 Rd6 22. Bxb7 Nxb7 23. Rd4 f6 24. Nd3 a5 25. g5 Nc5 26. Nxc5 bxc5 27. Ra4 Ra8 28. Rd1 Kf7 29. b4 cxb4 30. cxb4 d4 31. bxa5 d3 32. Kf2 fxg5 33. fxg5 d2 34. a6 Raxa6 35. Rxa6 Rxa6 36. Rxd2 Ke6 37. Kg3 Ke5 1/2-1/2

[Event "DFMMLV 2019"]
[Site "Braunfels"]
[Date "2019.06.22"]
[Round "4.26"]
[White "Zhang, Fan"]
[Black "Skibbe, Diana"]
[Result "1-0"]
[ECO "A80"]
[WhiteElo "2069"]
[BlackElo "1986"]
[Annotator "NA"]
[PlyCount "55"]
[EventDate "2019.06.20"]
[EventType "team-tourn"]
[EventCountry "GER"]
[SourceTitle "playchess.com"]
[Source "ChessBase"]
[SourceQuality "1"]
[WhiteTeam "Baden"]
[BlackTeam "Thueringen"]
[TimeControl "40/5400+30:1800+30"]

1. d4 f5 2. Bg5 h6 3. Bh4 g5 4. e4 Bg7 5. Qh5+ Kf8 6. Bg3 Nf6 7. Qf3 fxe4 8. Qb3 d5 9. f3 Nc6 10. c3 Na5 11. Qa4 c6 12. Nd2 b5 13. Qc2 Bf5 14. fxe4 dxe4 15. Ndf3 Qd5 16. Ne5 Nd7 17. Qf2 e6 18. Ng6+ Kf7 19. Nxh8+ Bxh8 20. Be2 Kg8 21. h4 g4 22. Qf4 Nf6 23. Qxh6 Bg7 24. Qg5 Nh7 25. Qf4 Nf6 26. h5 Kh7 27. h6 Bh8 28. Qc7+ 1-0

[Event "DFMMLV 2019"]
[Site "Braunfels"]
[Date "2019.06.22"]
[Round "4.28"]
[White "Schneider, Birgit"]
[Black "Jacke, Corinna"]
[Result "1/2-1/2"]
[ECO "C02"]
[WhiteElo "1874"]
[BlackElo "2001"]
[Annotator "NA"]
[PlyCount "47"]
[EventDate "2019.06.20"]
[EventType "team-tourn"]
[EventCountry "GER"]
[SourceTitle "playchess.com"]
[Source "ChessBase"]
[SourceQuality "1"]
[WhiteTeam "Baden"]
[BlackTeam "Thueringen"]
[TimeControl "40/5400+30:1800+30"]

1. e4 e6 2. d4 d5 3. e5 c5 4. c3 Nc6 5. Nf3 Qc7 6. a3 c4 7. b3 b5 8. bxc4 bxc4 9. Be2 Bd7 10. O-O Na5 11. Nbd2 Rb8 12. a4 f6 13. Ba3 Nb3 14. Bxf8 Kxf8 15. Ra3 Kf7 16. Nxb3 cxb3 17. Bb5 Bxb5 18. axb5 Rxb5 19. Rxb3 Rxb3 20. Qxb3 Ne7 21. exf6 gxf6 22. Re1 h5 23. Qb5 Qc6 24. Qa5 1/2-1/2

[Event "DFMMLV 2019"]
[Site "Braunfels"]
[Date "2019.06.22"]
[Round "4.29"]
[White "Dietrich, Mareike"]
[Black "Boettger, Sina Fleur"]
[Result "1/2-1/2"]
[ECO "B38"]
[WhiteElo "1706"]
[BlackElo "1744"]
[Annotator "NA"]
[PlyCount "82"]
[EventDate "2019.06.20"]
[EventType "team-tourn"]
[EventCountry "GER"]
[SourceTitle "playchess.com"]
[Source "ChessBase"]
[SourceQuality "1"]
[WhiteTeam "Thueringen"]
[BlackTeam "Baden"]
[TimeControl "40/5400+30:1800+30"]

1. e4 c5 2. Nf3 Nc6 3. d4 cxd4 4. Nxd4 g6 5. c4 Bg7 6. Be3 d6 7. Be2 Nf6 8. Nc3 O-O 9. O-O Bd7 10. f3 Nxd4 11. Bxd4 Nh5 12. Bxg7 Kxg7 13. Qd2 Nf6 14. Kh1 Bc6 15. b4 b6 16. Rfd1 Rc8 17. Qd4 Re8 18. Rac1 Bb7 19. Nd5 e5 20. Qd2 Nxd5 21. cxd5 Re7 22. Qg5 f6 23. Qd2 Rec7 24. Bb5 a6 25. Bd3 Rxc1 26. Rxc1 Rc7 27. Rxc7+ Qxc7 28. Qc2 Qxc2 29. Bxc2 Kf7 30. Kg1 Bc8 31. Kf2 f5 32. g3 Kf6 33. Ke3 fxe4 34. fxe4 Kg5 35. Bd1 Bg4 36. Bc2 Bh3 37. Bd3 b5 38. Be2 h6 39. Kf2 h5 40. Ke3 h4 41. Kf2 Bd7 1/2-1/2

[Event "DFMMLV 2019"]
[Site "Braunfels"]
[Date "2019.06.22"]
[Round "4.30"]
[White "Grining, Maria"]
[Black "Schulz, Theresa Charlotte"]
[Result "1-0"]
[ECO "A80"]
[WhiteElo "1709"]
[BlackElo "1603"]
[Annotator "NA"]
[PlyCount "43"]
[EventDate "2019.06.20"]
[EventType "team-tourn"]
[EventCountry "GER"]
[SourceTitle "playchess.com"]
[Source "ChessBase"]
[SourceQuality "1"]
[WhiteTeam "Baden"]
[BlackTeam "Thueringen"]
[TimeControl "40/5400+30:1800+30"]

1. d4 f5 2. Nf3 Nf6 3. Bg5 Ne4 4. Bf4 g6 5. Be5 Nf6 6. Bxf6 exf6 7. e3 b6 8. Bc4 Ba6 9. Qe2 Bxc4 10. Qxc4 Nc6 11. Nc3 Na5 12. Qd3 Nb7 13. O-O c6 14. e4 f4 15. e5 f5 16. d5 Qe7 17. dxc6 dxc6 18. Qc4 Qc7 19. Nd5 Qc8 20. Nf6+ Ke7 21. Ng5 Nd8 22. Rad1 1-0

[Event "DFMMLV 2019"]
[Site "Braunfels"]
[Date "2019.06.22"]
[Round "4.31"]
[White "Neumann, Tina"]
[Black "Doll, Rebecca"]
[Result "1-0"]
[ECO "C44"]
[WhiteElo "1525"]
[BlackElo "1678"]
[Annotator "NA"]
[PlyCount "65"]
[EventDate "2019.06.20"]
[EventType "team-tourn"]
[EventCountry "GER"]
[SourceTitle "playchess.com"]
[Source "ChessBase"]
[SourceQuality "1"]
[WhiteTeam "Thueringen"]
[BlackTeam "Baden"]
[TimeControl "40/5400+30:1800+30"]

1. e4 e5 2. d4 exd4 3. c3 dxc3 4. Bc4 Nf6 5. Nxc3 Nc6 6. Nf3 Bb4 7. e5 Bxc3+ 8. bxc3 Qe7 9. O-O Ng4 10. a4 Ngxe5 11. Nxe5 Nxe5 12. Re1 O-O 13. Ba3 d6 14. f4 Qh4 15. g3 Qg4 16. Be2 Qf5 17. fxe5 Qxe5 18. Qd2 Qa5 19. Qd4 f5 20. Bc4+ Kh8 21. Re7 Qb6 22. Rae1 h6 23. Kg2 Qxd4 24. cxd4 c6 25. Bxd6 b6 26. Be5 b5 27. Bxg7+ Kh7 28. Bxf8+ Kg6 29. axb5 cxb5 30. Bxb5 a5 31. Be8+ Kg5 32. h4+ Kg4 33. Rg7# 1-0

[Event "DFMMLV 2019"]
[Site "Braunfels"]
[Date "2019.06.22"]
[Round "4.32"]
[White "Landenberger, Anja Kathrin"]
[Black "Meyer, Jessica"]
[Result "1-0"]
[ECO "A46"]
[WhiteElo "1781"]
[BlackElo "1344"]
[Annotator "NA"]
[PlyCount "91"]
[EventDate "2019.06.20"]
[EventType "team-tourn"]
[EventCountry "GER"]
[SourceTitle "playchess.com"]
[Source "ChessBase"]
[SourceQuality "1"]
[WhiteTeam "Baden"]
[BlackTeam "Thueringen"]
[TimeControl "40/5400+30:1800+30"]

1. d4 Nf6 2. Nf3 e6 3. Bf4 b6 4. h3 Bb7 5. e3 Be7 6. Bd3 O-O 7. O-O c5 8. c3 d6 9. Bc2 Be4 10. Nbd2 Bxc2 11. Qxc2 Nbd7 12. a4 Rc8 13. Rfd1 cxd4 14. exd4 Nd5 15. Bh2 N7f6 16. Qd3 Qc7 17. Qa6 Ra8 18. Rdb1 Qc8 19. Qe2 Qc6 20. Ng5 Qd7 21. Re1 h6 22. Nge4 Nxe4 23. Nxe4 Nf6 24. f4 Rfe8 25. g4 Nxe4 26. Qxe4 Bf6 27. Qf3 Rac8 28. Re2 Bh4 29. Bg3 Bxg3 30. Qxg3 Qd8 31. Rg2 g5 32. fxg5 hxg5 33. Qf3 Kg7 34. Rf1 Qe7 35. Rgf2 Rf8 36. h4 f6 37. h5 Rf7 38. Qd3 Rg8 39. Qg6+ Kf8 40. Qh6+ Ke8 41. Rxf6 Rh7 42. Rf8+ Kd7 43. Qxh7 Rxf8 44. Qxe7+ Kxe7 45. Rxf8 Kxf8 46. Kf2 1-0

[Event "DFMMLV 2019"]
[Site "Braunfels"]
[Date "2019.06.22"]
[Round "4.32"]
[White "Johe, Hildegard"]
[Black "Meyer, Jessica"]
[Result "*"]
[ECO "A47"]
[WhiteElo "1353"]
[BlackElo "1344"]
[Annotator "NA"]
[PlyCount "37"]
[EventDate "2019.06.20"]
[EventType "team-tourn"]
[EventCountry "GER"]
[SourceTitle "playchess.com"]
[Source "ChessBase"]
[SourceQuality "1"]
[WhiteTeam "Baden"]
[BlackTeam "Thueringen"]
[TimeControl "40/5400+30:1800+30"]

1. d4 Nf6 2. Nf3 e6 3. Bf4 b6 4. h3 Bb7 5. e3 Be7 6. Bd3 O-O 7. O-O c5 8. c3 d6 9. Bc2 Be4 10. Nbd2 Bxc2 11. Qxc2 Nbd7 12. a4 Rc8 13. Rfd1 cxd4 14. exd4 Nd5 15. Bh2 N7f6 16. Qd3 Qc7 17. Qa6 Ra8 18. Rdb1 Qc8 19. Qe2 *

[Event "DFMMLV 2019"]
[Site "Braunfels"]
[Date "2019.06.22"]
[Round "4.33"]
[White "Krasnopeyeva, Julia"]
[Black "Froehlich, Franziska"]
[Result "0-1"]
[ECO "C19"]
[WhiteElo "1922"]
[BlackElo "1820"]
[Annotator "NA"]
[PlyCount "50"]
[EventDate "2019.06.20"]
[EventType "team-tourn"]
[EventCountry "GER"]
[SourceTitle "playchess.com"]
[Source "ChessBase"]
[SourceQuality "1"]
[WhiteTeam "Rheinland Pfalz"]
[BlackTeam "Wuerttemberg 2"]
[TimeControl "40/5400+30:1800+30"]

1. e4 e6 2. d4 d5 3. Nc3 Bb4 4. e5 c5 5. a3 Bxc3+ 6. bxc3 Ne7 7. Nf3 h6 8. h4 b6 9. Bb5+ Bd7 10. Bd3 Ba4 11. h5 Qc7 12. O-O c4 13. Be2 Nd7 14. Re1 O-O-O 15. Nh2 Rdg8 16. Bg4 g6 17. Ra2 Nf5 18. Bf4 Nf6 19. hxg6 Nxg4 20. Nxg4 Rxg6 21. Nf6 Rxf6 22. exf6 Qxf4 23. Qe2 Rg8 24. g3 Nxg3 25. fxg3 Qxg3+ {[%emt 0:01:26] Qd1} 0-1

[Event "DFMMLV 2019"]
[Site "Braunfels"]
[Date "2019.06.22"]
[Round "4.34"]
[White "Yi, Wendy"]
[Black "Braje, Monika"]
[Result "1-0"]
[ECO "B01"]
[WhiteElo "1820"]
[BlackElo "1781"]
[Annotator "NA"]
[PlyCount "65"]
[EventDate "2019.06.20"]
[EventType "team-tourn"]
[EventCountry "GER"]
[SourceTitle "playchess.com"]
[Source "ChessBase"]
[SourceQuality "1"]
[WhiteTeam "Wuerttemberg 2"]
[BlackTeam "Rheinland Pfalz"]
[TimeControl "40/5400+30:1800+30"]

1. e4 d5 2. exd5 Nf6 3. Nc3 Nxd5 4. d4 e6 5. Nf3 Be7 6. Bc4 Nb6 7. Bd3 Bf6 8. O-O Nc6 9. Ne2 Nb4 10. Be4 c6 11. Nf4 O-O 12. Nh5 Be7 13. Ne5 f5 14. c3 N4d5 15. Bc2 Nf6 16. Re1 Nbd5 17. Bb3 Nc7 18. Nd3 Kh8 19. Nhf4 Nfd5 20. Qh5 Qe8 21. Qe2 g5 22. Nxd5 cxd5 23. Qe5+ Bf6 24. Qxc7 Qh5 25. Qg3 f4 26. Qh3 Qg6 27. Ne5 Qg7 28. Bc2 Kg8 29. Ng4 Bd8 30. Qh6 Qc7 31. b3 Rf7 32. Bb2 Bd7 33. Ne5 1-0

[Event "DFMMLV 2019"]
[Site "Braunfels"]
[Date "2019.06.22"]
[Round "4.35"]
[White "Kalina, Lena"]
[Black "Lederer, Leia"]
[Result "0-1"]
[ECO "A57"]
[WhiteElo "1687"]
[BlackElo "1728"]
[Annotator "NA"]
[PlyCount "128"]
[EventDate "2019.06.20"]
[EventType "team-tourn"]
[EventCountry "GER"]
[SourceTitle "playchess.com"]
[Source "ChessBase"]
[SourceQuality "1"]
[WhiteTeam "Rheinland Pfalz"]
[BlackTeam "Wuerttemberg 2"]
[TimeControl "40/5400+30:1800+30"]

1. d4 Nf6 2. c4 c5 3. d5 b5 4. cxb5 a6 5. b6 Qxb6 6. Nc3 g6 7. e4 d6 8. Nf3 Bg7 9. Be2 Nbd7 10. O-O O-O 11. a4 Bb7 12. a5 Qc7 13. Nd2 e6 14. Nc4 Rae8 15. dxe6 Rxe6 16. Bf4 Ne5 17. Nxd6 Rd8 18. Ndb5 axb5 19. Nxb5 Rxd1 20. Nxc7 Rxf1+ 21. Kxf1 Re7 22. a6 Bxe4 23. Bxe5 Rxe5 24. a7 Re7 25. Nb5 Ne8 26. Bf3 Bd3+ 27. Kg1 Rxa7 28. Nxa7 Bxb2 29. Ra2 Bg7 30. Nc6 Nc7 31. Rd2 Bb5 32. Rc2 Ne6 33. Rc1 Bh6 34. Rb1 Bd3 35. Rb8+ Kg7 36. Ne5 Bf4 37. Rb3 c4 38. Rb5 Bxe5 39. Rxe5 c3 40. Re1 Nd4 41. Bd1 c2 42. Bxc2 Bxc2 43. f3 h5 44. Kf2 Bf5 45. Rd1 Ne6 46. h4 Nf4 47. g3 Nd3+ 48. Ke3 Ne5 49. Rc1 Be6 50. Rc5 Nc4+ 51. Kd3 Nd6 52. f4 Nf5 53. Rc1 Nxg3 54. Rg1 Nf5 55. Rh1 Bd5 56. Rh2 Bf3 57. Kd2 Kf6 58. Rh3 Bg4 59. Rh2 Ke6 60. Kd3 Kd5 61. Rh1 Ng3 62. Ra1 Ne2 63. Ke3 Ng3 64. Kd3 Bf3 0-1

[Event "DFMMLV 2019"]
[Site "Braunfels"]
[Date "2019.06.22"]
[Round "4.36"]
[White "Roesler, Hannah Clara Hed"]
[Black "Lerch, Cornelia"]
[Result "1-0"]
[ECO "C20"]
[WhiteElo "1638"]
[BlackElo "1861"]
[Annotator "NA"]
[PlyCount "33"]
[EventDate "2019.06.20"]
[EventType "team-tourn"]
[EventCountry "GER"]
[SourceTitle "playchess.com"]
[Source "ChessBase"]
[SourceQuality "1"]
[WhiteTeam "Wuerttemberg 2"]
[BlackTeam "Rheinland Pfalz"]
[TimeControl "40/5400+30:1800+30"]

1. e4 e5 2. Nf3 Nc6 3. Bc4 Bc5 4. b4 Bxb4 5. c3 Ba5 6. d4 exd4 7. O-O Bxc3 8. Nxc3 dxc3 9. Qb3 Qf6 10. e5 Qg6 11. Qxc3 Nge7 12. Ng5 Nd8 13. Bd3 Qc6 14. Qb3 h6 15. Nf3 Ne6 16. Be3 d5 17. Bb5 1-0

[Event "DFMMLV 2019"]
[Site "Braunfels"]
[Date "2019.06.22"]
[Round "4.37"]
[White "Marx, Christina"]
[Black "Hoeglauer, Jenny"]
[Result "1/2-1/2"]
[ECO "B28"]
[WhiteElo "1605"]
[BlackElo "1703"]
[Annotator "NA"]
[PlyCount "54"]
[EventDate "2019.06.20"]
[EventType "team-tourn"]
[EventCountry "GER"]
[SourceTitle "playchess.com"]
[Source "ChessBase"]
[SourceQuality "1"]
[WhiteTeam "Rheinland Pfalz"]
[BlackTeam "Wuerttemberg 2"]
[TimeControl "40/5400+30:1800+30"]

1. e4 c5 2. Nf3 a6 3. c3 e6 4. d4 cxd4 5. cxd4 Nf6 6. Nc3 Bb4 7. Bd3 b5 8. O-O Bb7 9. Bg5 h6 10. Bh4 g5 11. Bg3 Bxc3 12. bxc3 Bxe4 13. Ne5 Bd5 14. c4 bxc4 15. Nxc4 Bxc4 16. Bxc4 d5 17. Bb3 Ne4 18. Be5 f6 19. Qg4 Ke7 20. Rfe1 Qd7 21. Bxb8 Raxb8 22. Rac1 f5 23. Qe2 Qb5 24. f3 Qxe2 25. Rxe2 Nf6 26. Rce1 Rb6 27. Re5 Kf7 1/2-1/2

[Event "DFMMLV 2019"]
[Site "Braunfels"]
[Date "2019.06.22"]
[Round "4.38"]
[White "Zell, Mirjam"]
[Black "Orschiedt-Eghbali, Anke"]
[Result "1-0"]
[ECO "B06"]
[WhiteElo "1660"]
[BlackElo "1551"]
[Annotator "NA"]
[PlyCount "79"]
[EventDate "2019.06.20"]
[EventType "team-tourn"]
[EventCountry "GER"]
[SourceTitle "playchess.com"]
[Source "ChessBase"]
[SourceQuality "1"]
[WhiteTeam "Wuerttemberg 2"]
[BlackTeam "Rheinland Pfalz"]
[TimeControl "40/5400+30:1800+30"]

1. e4 g6 2. g3 c6 3. Bg2 d5 4. d4 dxe4 5. Bxe4 Nf6 6. Bg2 Bg7 7. c3 O-O 8. Nf3 Bg4 9. O-O Nbd7 10. Re1 Re8 11. h3 Bxf3 12. Qxf3 Qb6 13. Nd2 e6 14. Nc4 Qa6 15. Bf1 Rf8 16. Bg5 b5 17. Nd6 h6 18. Bxf6 Nxf6 19. a4 Qb6 20. axb5 cxb5 21. Nxb5 a6 22. Reb1 Nd5 23. Na3 Rfc8 24. Nc4 Qc7 25. Ne3 Nxe3 26. Qxe3 a5 27. Ra4 Rcb8 28. Qd2 Bf8 29. Rba1 Ra7 30. b4 Rba8 31. Bg2 Rc8 32. Rxa5 Rxa5 33. bxa5 Qa7 34. a6 Kg7 35. Bb7 Rc7 36. Rb1 Bd6 37. Qe3 Rc4 38. Qd3 Ra4 39. Qb5 Ra3 40. Qb6 1-0

[Event "DFMMLV 2019"]
[Site "Braunfels"]
[Date "2019.06.22"]
[Round "4.39"]
[White "Perovic-Ottstadt, Sanja"]
[Black "Zell, Hannah"]
[Result "1/2-1/2"]
[ECO "A40"]
[WhiteElo "1593"]
[BlackElo "1473"]
[Annotator "NA"]
[PlyCount "43"]
[EventDate "2019.06.20"]
[EventType "team-tourn"]
[EventCountry "GER"]
[SourceTitle "playchess.com"]
[Source "ChessBase"]
[SourceQuality "1"]
[WhiteTeam "Rheinland Pfalz"]
[BlackTeam "Wuerttemberg 2"]
[TimeControl "40/5400+30:1800+30"]

1. d4 Nf6 2. Nf3 d5 3. e3 e6 4. Bd3 c5 5. c3 Nbd7 6. O-O b6 7. Nbd2 Bb7 8. Re1 Be7 9. e4 dxe4 10. Nxe4 Nxe4 11. Bxe4 Bxe4 12. Rxe4 Nf6 13. Re1 O-O 14. Bg5 Rc8 15. dxc5 Rxc5 16. Bh4 Qc8 17. Qe2 Rd8 18. Rad1 Rcd5 19. Rxd5 Rxd5 20. Rd1 Qd8 21. Rxd5 Nxd5 22. Bxe7 1/2-1/2

[Event "DFMMLV 2019"]
[Site "Braunfels"]
[Date "2019.06.22"]
[Round "4.40"]
[White "Krotsch, Maxi"]
[Black "Boos-Guckes, Astrid"]
[Result "1/2-1/2"]
[ECO "C02"]
[WhiteElo "942"]
[BlackElo "1329"]
[Annotator "NA"]
[PlyCount "106"]
[EventDate "2019.06.20"]
[EventType "team-tourn"]
[EventCountry "GER"]
[SourceTitle "playchess.com"]
[Source "ChessBase"]
[SourceQuality "1"]
[WhiteTeam "Wuerttemberg 2"]
[BlackTeam "Rheinland Pfalz"]
[TimeControl "40/5400+30:1800+30"]

1. e4 e6 2. d4 d5 3. e5 c5 4. c3 Qb6 5. Nf3 Bd7 6. g3 Bb5 7. Bxb5+ Qxb5 8. a4 Qc6 9. O-O Nd7 10. Nbd2 Ne7 11. b3 Nf5 12. Ba3 Be7 13. Rc1 O-O 14. b4 c4 15. b5 Qc7 16. Bxe7 Nxe7 17. Qc2 h6 18. g4 f6 19. Rce1 fxe5 20. dxe5 Rf4 21. h3 Nf8 22. Kh2 Nfg6 23. Rg1 Raf8 24. Rg3 Qc5 25. Rf1 Qc7 26. Kg2 Nxe5 27. Nxe5 Qxe5 28. Nf3 Qe4 29. Qxe4 dxe4 30. Nd4 e5 31. Ne6 Ng6 32. Nxf8 Nh4+ 33. Kh1 Rxf8 34. Re3 Rf3 35. Rxe4 Rxh3+ 36. Kg1 Nf3+ 37. Kg2 Ng5 38. Rxe5 Rxc3 39. Re8+ Kh7 40. Re7 Kg6 41. Rxb7 Ra3 42. Rxa7 c3 43. b6 c2 44. b7 Rb3 45. a5 Rb1 46. Ra6+ Kh7 47. Rb6 Rxf1 48. Kxf1 c1=Q+ 49. Kg2 Qc5 50. b8=Q Qd5+ 51. Kf1 Qd1+ 52. Kg2 Qd5+ 53. Kg3 Qd3+ {[%emt 0:00:00] Kh3 Qxh3} 1/2-1/2

[Event "DFMMLV 2019"]
[Site "Braunfels"]
[Date "2019.06.22"]
[Round "4.41"]
[White "Tornay, Haizea"]
[Black "Kushka, Alena"]
[Result "0-1"]
[ECO "B23"]
[WhiteElo "1598"]
[BlackElo "2148"]
[Annotator "NA"]
[PlyCount "48"]
[EventDate "2019.06.20"]
[EventType "team-tourn"]
[EventCountry "GER"]
[SourceTitle "playchess.com"]
[Source "ChessBase"]
[SourceQuality "1"]
[WhiteTeam "Hessen 2"]
[BlackTeam "Hessen 1"]
[TimeControl "40/5400+30:1800+30"]

1. e4 c5 2. Nc3 Nc6 3. f4 e6 4. Nf3 d5 5. Bb5 d4 6. Bxc6+ bxc6 7. Nb1 Nf6 8. d3 Ba6 9. Na3 c4 10. Nxc4 Bxc4 11. dxc4 Qa5+ 12. Bd2 Qb6 13. e5 Ne4 14. Qe2 Nxd2 15. Nxd2 Qxb2 16. Nb3 Bb4+ 17. Kf2 O-O 18. Qd3 Rad8 19. Rhd1 f6 20. exf6 Rxf6 21. Qe4 d3 22. Rdb1 Qxc2+ 23. Kg1 Qe2 24. Qxc6 Bc3 0-1

[Event "DFMMLV 2019"]
[Site "Braunfels"]
[Date "2019.06.22"]
[Round "4.42"]
[White "Rieseler, Caroline"]
[Black "Krausse, Vanessa"]
[Result "1-0"]
[ECO "B58"]
[WhiteElo "2111"]
[BlackElo "1645"]
[Annotator "NA"]
[PlyCount "56"]
[EventDate "2019.06.20"]
[EventType "team-tourn"]
[EventCountry "GER"]
[SourceTitle "playchess.com"]
[Source "ChessBase"]
[SourceQuality "1"]
[WhiteTeam "Hessen 1"]
[BlackTeam "Hessen 2"]
[TimeControl "40/5400+30:1800+30"]

1. e4 c5 2. Nf3 Nc6 3. d4 cxd4 4. Nxd4 d6 5. Nc3 Nf6 6. Be2 g6 7. O-O Bg7 8. Nb3 O-O 9. Bg5 a6 10. f4 Bd7 11. Bf3 Rc8 12. Kh1 b5 13. Qe1 b4 14. Nd5 a5 15. c3 e6 16. Ne3 bxc3 17. bxc3 Ne7 18. Qh4 a4 19. Nd2 Rxc3 20. Rae1 Qb6 21. Ndc4 Qd4 22. Rd1 Rd3 23. Rxd3 Qxd3 24. Bxf6 Bxf6 25. Qxf6 Rb8 26. Qa1 Bb5 27. Rd1 Bxc4 28. Rxd3 Bxd3 1-0

[Event "DFMMLV 2019"]
[Site "Braunfels"]
[Date "2019.06.22"]
[Round "4.42"]
[White "Rieseler, Caroline"]
[Black "Tornay, Haizea"]
[Result "*"]
[ECO "B27"]
[WhiteElo "2111"]
[BlackElo "1598"]
[Annotator "NA"]
[PlyCount "20"]
[EventDate "2019.06.20"]
[EventType "team-tourn"]
[EventCountry "GER"]
[SourceTitle "playchess.com"]
[Source "ChessBase"]
[SourceQuality "1"]
[WhiteTeam "Hessen 1"]
[BlackTeam "Hessen 2"]
[TimeControl "40/5400+30:1800+30"]

1. e4 c5 2. Nf3 Nc6 3. d4 cxd4 4. Nxd4 d6 5. Nc3 Nf6 6. Be2 g6 7. O-O Bg7 8. Nb3 O-O 9. Bg5 a6 10. f4 Bd7 *

[Event "DFMMLV 2019"]
[Site "Braunfels"]
[Date "2019.06.22"]
[Round "4.43"]
[White "Schardt, Madeleine"]
[Black "Bluebaum, Johanna"]
[Result "0-1"]
[ECO "D00"]
[WhiteElo "1578"]
[BlackElo "2003"]
[Annotator "NA"]
[PlyCount "86"]
[EventDate "2019.06.20"]
[EventType "team-tourn"]
[EventCountry "GER"]
[SourceTitle "playchess.com"]
[Source "ChessBase"]
[SourceQuality "1"]
[WhiteTeam "Hessen 2"]
[BlackTeam "Hessen 1"]
[TimeControl "40/5400+30:1800+30"]

1. d4 d5 2. Bf4 c5 3. c3 Nc6 4. e3 Bf5 5. Nf3 e6 6. Bd3 Bxd3 7. Qxd3 Nf6 8. Nbd2 Be7 9. Ne5 O-O 10. Ndf3 Nh5 11. Bg3 f6 12. Nxc6 bxc6 13. Qa6 Qd7 14. Bh4 g6 15. g4 Ng7 16. h3 Rab8 17. Rb1 Rb6 18. Qe2 c4 19. Bg3 Qb7 20. h4 Qa6 21. b4 Qa3 22. Qc2 Rc8 23. g5 f5 24. Ne5 a5 25. Nd7 Rb5 26. O-O axb4 27. cxb4 Ra8 28. Nc5 Kf7 29. Qb2 Qxb2 30. Rxb2 Bxc5 31. dxc5 f4 32. Bxf4 Nf5 33. Be5 Nxh4 34. f4 Nf5 35. Kf2 Ra3 36. Rh1 Kg8 37. Bd4 Rb7 38. Rc1 Nxd4 39. exd4 Rf7 40. Re2 Rxf4+ 41. Ke1 Kf7 42. Rf2 Rxf2 43. Kxf2 Rxa2+ 0-1

[Event "DFMMLV 2019"]
[Site "Braunfels"]
[Date "2019.06.22"]
[Round "4.44"]
[White "Barpiyeva, Gulsana"]
[Black "Schwegler, Jelena"]
[Result "1-0"]
[ECO "E81"]
[WhiteElo "2018"]
[BlackElo "1511"]
[Annotator "NA"]
[PlyCount "51"]
[EventDate "2019.06.20"]
[EventType "team-tourn"]
[EventCountry "GER"]
[SourceTitle "playchess.com"]
[Source "ChessBase"]
[SourceQuality "1"]
[WhiteTeam "Hessen 1"]
[BlackTeam "Hessen 2"]
[TimeControl "40/5400+30:1800+30"]

1. d4 Nf6 2. c4 g6 3. Nc3 Bg7 4. e4 d6 5. f3 O-O 6. Be3 Nbd7 7. Nh3 c5 8. d5 Ne5 9. Nf2 e6 10. Be2 Qe7 11. Qd2 exd5 12. cxd5 a6 13. a4 Nh5 14. f4 Nd7 15. g4 Nhf6 16. h4 b6 17. O-O-O Bb7 18. h5 b5 19. g5 Ne8 20. hxg6 fxg6 21. Bg4 b4 22. Be6+ Rf7 23. Nb1 Nc7 24. Bxf7+ Qxf7 25. Ng4 Kh8 26. Qh2 1-0

[Event "DFMMLV 2019"]
[Site "Braunfels"]
[Date "2019.06.22"]
[Round "4.44"]
[White "Lukas, Anne"]
[Black "Schwegler, Jelena"]
[Result "*"]
[ECO "E81"]
[WhiteElo "1842"]
[BlackElo "1511"]
[Annotator "NA"]
[PlyCount "35"]
[EventDate "2019.06.20"]
[EventType "team-tourn"]
[EventCountry "GER"]
[SourceTitle "playchess.com"]
[Source "ChessBase"]
[SourceQuality "1"]
[WhiteTeam "Hessen 1"]
[BlackTeam "Hessen 2"]
[TimeControl "40/5400+30:1800+30"]

1. d4 Nf6 2. c4 g6 3. Nc3 Bg7 4. e4 d6 5. f3 O-O 6. Be3 Nbd7 7. Nh3 c5 8. d5 Ne5 9. Nf2 e6 10. Be2 Qe7 11. Qd2 exd5 12. cxd5 a6 13. a4 Nh5 14. f4 Nd7 15. g4 Nhf6 16. h4 b6 17. O-O-O Bb7 18. h5 *

[Event "DFMMLV 2019"]
[Site "Braunfels"]
[Date "2019.06.22"]
[Round "4.45"]
[White "Goetz, Fenja"]
[Black "Lukas, Anne"]
[Result "0-1"]
[ECO "B78"]
[WhiteElo "1528"]
[BlackElo "1842"]
[Annotator "NA"]
[PlyCount "54"]
[EventDate "2019.06.20"]
[EventType "team-tourn"]
[EventCountry "GER"]
[SourceTitle "playchess.com"]
[Source "ChessBase"]
[SourceQuality "1"]
[WhiteTeam "Hessen 2"]
[BlackTeam "Hessen 1"]
[TimeControl "40/5400+30:1800+30"]

1. e4 c5 2. Nf3 g6 3. d4 cxd4 4. Nxd4 Bg7 5. Nc3 Nc6 6. Be3 Nf6 7. f3 d6 8. Bc4 O-O 9. Qd2 Bd7 10. O-O-O Na5 11. Be2 Rc8 12. g4 Nc4 13. Bxc4 Rxc4 14. h4 Qa5 15. Nb3 Qc7 16. h5 b5 17. Kb1 b4 18. Ne2 Rc8 19. Rc1 a5 20. hxg6 fxg6 21. g5 Nh5 22. Nf4 Nxf4 23. Bxf4 a4 24. Na1 a3 25. b3 Rd4 26. Qh2 Qc3 27. Qxh7+ Kf8 0-1